[Event "Titled Tuesday Blitz August 16 Early 2022"]
[White "Buscar, Michael"]
[Black "Rostovtsev, Dmitry"]
[WhiteFideId "2603616"]
[BlackFideId "34278320"]
[WhiteElo "2010"]
[BlackElo "2295"]
[Result "0-1"]
[Round "01"]
[TimeControl "180+2"]
[Date "2022.08.18"]
[WhiteClock "0:00:00"]
[BlackClock "0:00:00"]

1. d4 Nf6 2. Nf3 g6 3. g3 Bg7 4. Bg2 O-O 5. O-O d6 6. c4 Nbd7 7. b3 e5 8. Bb2 e4 9. Ne1 c6 10. Nc2 d5 11. f4 exf3 12. exf3 dxc4 13. bxc4 Nb6 14. Nd2 Be6 15. Ne3 Bh6 16. f4 Re8 17. Rc1 Bg7 18. Qf3 Bh6 19. h3 Qc8 20. Kh2 Bf5 21. d5 Bg7 22. dxc6 bxc6 23. Nxf5 Qxf5 24. Bxf6 Bxf6 25. Qxc6 Rac8 26. Qf3 Bd4 27. Ne4 Nxc4 28. Rxc4 Rxc4 29. Nd6 Qe6 30. Nxe8 Qxe8 31. Rd1 Qe3 32. Qxe3 Bxe3 33. Bd5 Rc2+ 34. Kh1 Rc3 35. Kg2 Rc2+ 36. Kf3 Bb6 37. Bb3 Kf8 38. Rd7 f5 39. Rxh7 Rf2# 0-1


[Site "https://www.chess.com"]

[Event "Titled Tuesday Blitz August 16 Early 2022"]
[White "Chigaev, Maksim"]
[Black "Omelja, Artem"]
[WhiteFideId "4108116"]
[BlackFideId "14119846"]
[WhiteElo "2487"]
[BlackElo "2382"]
[Result "1-0"]
[Round "01"]
[TimeControl "180+1"]
[Date "2022.08.16"]
[WhiteClock "0:00:08"]
[BlackClock "0:00:02"]

1. e4 c5 2. Nf3 e6 3. g3 Nc6 4. Bg2 Nf6 5. Qe2 d6 6. O-O Be7 7. c3 e5 8. h3 O-O 9. Rd1 Qc7 10. d4 cxd4 11. cxd4 Nxd4 12. Nxd4 exd4 13. Na3 a6 14. Nc2 Re8 15. Nxd4 h6 16. Bf4 Bf8 17. Rac1 Qb6 18. b3 Bd7 19. Qd3 Rac8 20. Be3 Qa5 21. a4 b5 22. axb5 Bxb5 23. Nxb5 axb5 24. Bd4 Nd7 25. h4 Qb4 26. Rxc8 Rxc8 27. Bh3 Nc5 28. Bxc5 Rxc5 29. Bf1 Rc3 30. Qxb5 Qxb5 31. Bxb5 Rxb3 32. Bc4 Rb7 33. Bd5 Rc7 34. h5 Kh7 35. Rd3 g6 36. Rf3 Kg7 37. Kg2 gxh5 38. Kh3 Kg6 39. Rf5 Bg7 40. Rf3 Be5 41. Rb3 f5 42. f4 Bf6 43. Rb6 fxe4 44. Bxe4+ Kg7 45. Rxd6 Rc1 46. Rd7+ Kg8 47. Bh7+ Kh8 48. Bg6 h4 49. gxh4 Rh1+ 50. Kg4 Bxh4 51. Kf5 Re1 52. Rh7+ Kg8 53. Rxh6 Be7 54. Rh7 Bf8 55. Rb7 Re7 56. Rb1 Re3 57. Rg1 Bg7 58. Rd1 Bf8 59. Rd5 Re7 60. Kg5 Re1 61. Rd7 Be7+ 62. Kg4 Rg1+ 63. Kf5 Bf8 64. Kf6 Re1 65. f5 Bh6 66. Bf7+ Kh8 67. Rd8+ 1-0


[Site "https://www.chess.com"]

[Event "Titled Tuesday Blitz August 16 Early 2022"]
[White "Ciuffoletti, Paolo"]
[Black "Maiorov, Nikita"]
[WhiteFideId "807630"]
[BlackFideId "13501720"]
[WhiteElo "2143"]
[BlackElo "2409"]
[Result "0-1"]
[Round "01"]
[TimeControl "180+2"]
[Date "2022.08.18"]
[WhiteClock "0:00:00"]
[BlackClock "0:00:00"]

1. e4 e5 2. Nf3 Nc6 3. Bc4 Bc5 4. b4 Bxb4 5. c3 Be7 6. d4 Na5 7. Nxe5 Nxc4 8. Nxc4 d5 9. exd5 Qxd5 10. Ne3 Qa5 11. O-O Nf6 12. c4 O-O 13. Bb2 Qg5 14. Qf3 c6 15. Nc3 Bd7 16. Rad1 Ng4 17. h3 Nxe3 18. fxe3 Qg6 19. Kh1 Rfe8 20. d5 Bb4 21. Ne2 f6 22. Nf4 Qe4 23. Bd4 Qxf3 24. Rxf3 Bf8 25. Nh5 Kh8 26. Re1 c5 27. Bc3 Re4 28. Rf4 Rae8 29. Rxe4 Rxe4 30. Bxf6 gxf6 31. Nxf6 Re7 32. Nxd7 Rxd7 33. e4 Bd6 34. e5 Re7 35. e6 Re8 36. Rf1 Rf8 37. Rf3 Rxf3 38. gxf3 Kg7 39. Kg2 Kf6 40. Kf2 Kf5 41. Ke3 Be7 42. a4 b6 43. Ke2 Kf4 44. Kf2 h5 45. Ke2 Kg3 46. Ke3 Kxh3 47. f4 Kg4 48. Ke4 h4 49. f5 Kg5 50. Kf3 Kxf5 51. Kg2 Ke5 52. Kh3 Kd4 53. d6 Bxd6 54. Kxh4 Kxc4 55. Kg5 Kd5 0-1


[Site "https://www.chess.com"]

[Event "Titled Tuesday Blitz August 16 Early 2022"]
[White "D`Arruda, Ricardo D."]
[Black "Leiva, Gianmarco"]
[WhiteFideId "100692"]
[BlackFideId "3804399"]
[WhiteElo "2271"]
[BlackElo "2323"]
[Result "1-0"]
[Round "01"]
[TimeControl "180+2"]
[Date "2022.08.18"]
[WhiteClock "0:00:00"]
[BlackClock "0:00:00"]

1. d4 Nf6 2. Nf3 e6 3. c4 d5 4. Nc3 a6 5. cxd5 exd5 6. Bf4 Bd6 7. Bxd6 Qxd6 8. e3 Bf5 9. Bd3 Bxd3 10. Qxd3 O-O 11. O-O Nbd7 12. Rab1 a5 13. a3 a4 14. Qc2 Qa6 15. Ne5 c6 16. Nxd7 Nxd7 17. b4 b5 18. e4 Rac8 19. exd5 cxd5 20. Qd3 Rc4 21. Nxd5 Qd6 22. Ne3 Qxd4 23. Qxd4 Rxd4 24. Rfd1 Rxd1+ 25. Rxd1 Nb6 26. Rd6 Rc8 27. Rxb6 g6 28. Rxb5 Rc3 29. Ra5 Rxa3 30. b5 Ra1+ 31. Nf1 a3 32. b6 a2 33. b7 Rb1 34. Rxa2 Rxb7 35. g3 Kg7 36. Kg2 Re7 37. h4 Rb7 38. Ne3 Re7 39. Kf3 Rb7 40. Ra6 Rd7 41. Ke4 Rb7 42. Nd5 Rd7 43. Rc6 Rb7 44. Rc7 Rb1 45. f4 Re1+ 46. Kf3 h5 47. Ne3 Kf6 48. Nc4 Rc1 49. Rc6+ Kf5 50. Ne5 Ra1 51. Nxf7 Ra3+ 52. Kg2 g5 53. Nh6+ Ke4 54. Re6+ 1-0


[Site "https://www.chess.com"]

[Event "Titled Tuesday Blitz August 16 Early 2022"]
[White "Danielyan, Vahe"]
[Black "Salem, A.R. Saleh"]
[WhiteFideId "13304828"]
[BlackFideId "9301348"]
[WhiteElo "2421"]
[BlackElo "2674"]
[Result "0-1"]
[Round "01"]
[TimeControl "180+1"]
[Date "2022.08.16"]
[WhiteClock "0:00:03"]
[BlackClock "0:00:37"]

1. e4 c5 2. Nc3 d6 3. d4 cxd4 4. Qxd4 Nc6 5. Qd2 a6 6. b3 b5 7. Bb2 Nf6 8. O-O-O e6 9. Re1 Qa5 10. h3 Be7 11. g4 O-O 12. Bg2 Nd7 13. f4 b4 14. Na4 Nc5 15. Nxc5 dxc5 16. e5 Rd8 17. Qe2 Bb7 18. Kb1 c4 19. Nf3 c3 20. Bc1 Qb5 21. f5 Qxe2 22. Rxe2 a5 23. fxe6 fxe6 24. Ng5 Bxg5 25. Bxg5 Rd7 26. Ree1 h6 27. Bh4 Rd2 28. Be4 a4 29. bxa4 Rxa4 30. Rhf1 Nd4 31. Bg6 b3 32. Be7 bxc2+ 33. Kc1 Nb3+ 34. axb3 Ra1# 0-1


[Site "https://www.chess.com"]

[Event "Titled Tuesday Blitz August 16 Early 2022"]
[White "De La Colina, Nicolas"]
[Black "Zaksaite, Salomeja"]
[WhiteFideId "30946921"]
[BlackFideId "12801496"]
[WhiteElo "2046"]
[BlackElo "1953"]
[Result "0-1"]
[Round "01"]
[TimeControl "180+2"]
[Date "2022.08.18"]
[WhiteClock "0:00:00"]
[BlackClock "0:00:00"]

1. e4 c5 2. Nf3 Nc6 3. c3 e5 4. Bc4 Be7 5. O-O Nf6 6. d3 O-O 7. Re1 d6 8. h3 a6 9. Bb3 b5 10. Bc2 Re8 11. Nbd2 Bf8 12. Nf1 g6 13. a4 Rb8 14. Qe2 Bg7 15. Bg5 Qb6 16. Ne3 Be6 17. Nd2 Nh5 18. Qf3 Ne7 19. Reb1 h6 20. Bh4 Nf4 21. Bg3 g5 22. h4 Neg6 23. hxg5 hxg5 24. Nf5 Qc6 25. axb5 axb5 26. Qg4 Bxf5 27. exf5 Qxg2# 0-1


[Site "https://www.chess.com"]

[Event "Titled Tuesday Blitz August 16 Early 2022"]
[White "Deepan Chakkravarthy J."]
[Black "Salman, Pavel"]
[WhiteFideId "5011132"]
[BlackFideId "24153753"]
[WhiteElo "2406"]
[BlackElo "2143"]
[Result "0-1"]
[Round "01"]
[TimeControl "180+2"]
[Date "2022.08.18"]
[WhiteClock "0:00:00"]
[BlackClock "0:00:00"]

1. Nf3 c5 2. g3 b6 3. Bg2 Bb7 4. O-O Nf6 5. e3 e6 6. d4 Be7 7. c4 cxd4 8. exd4 d5 9. Ne5 O-O 10. Nc3 Nbd7 11. Bg5 h6 12. Be3 Rc8 13. Rc1 Nxe5 14. dxe5 Ne4 15. Nxe4 dxe4 16. Qg4 Bg5 17. Bxe4 Bxe3 18. Bxb7 Bxc1 19. Rxc1 Rc5 20. Qe4 Qc7 21. f4 a5 22. a4 Rd8 23. b3 Rd2 24. Qe3 Qd8 25. Bd5 Rb2 26. Qc3 Ra2 27. Be4 Qd2 28. Rc2 Rxc2 29. Qxc2 Qe3+ 30. Kg2 Rc8 31. Qd3 Qxd3 32. Bxd3 Rd8 33. Be4 Rd2+ 34. Kh3 Rb2 35. Bc6 Rxb3 36. Kg4 Kf8 37. h4 g6 38. Bb5 Ke7 39. h5 gxh5+ 40. Kh4 Kf8 41. Bc6 Kg7 42. Bb5 Rc3 43. Ba6 f6 44. exf6+ Kxf6 45. Bb5 Kf5 46. Ba6 Rc1 47. Kxh5 Rh1# 0-1


[Site "https://www.chess.com"]

[Event "Titled Tuesday Blitz August 16 Early 2022"]
[White "Demidov, Mikhail"]
[Black "Zhurbinsky, David"]
[WhiteFideId "4197143"]
[BlackFideId "2072904"]
[WhiteElo "2525"]
[BlackElo "2518"]
[Result "0-1"]
[Round "01"]
[TimeControl "180+1"]
[Date "2022.08.16"]
[WhiteClock "0:00:07"]
[BlackClock "0:00:06"]

1. d4 Nf6 2. c4 e6 3. Nf3 Bb4+ 4. Nbd2 O-O 5. e3 d6 6. Bd3 Qe7 7. O-O Bxd2 8. Nxd2 e5 9. b3 a5 10. Bb2 Nc6 11. a3 e4 12. Bc2 Bg4 13. Qe1 Rae8 14. d5 Ne5 15. Nxe4 Nxe4 16. Bxe4 Nxc4 17. bxc4 Qxe4 18. f3 Qc2 19. Rf2 Qb3 20. fxg4 Rxe3 21. Qd1 Qxc4 22. Rc1 Qe4 23. Qd4 Qxd4 24. Bxd4 Rxa3 25. Rxc7 Rd3 26. Bb2 b5 27. Ra7 a4 28. h3 Rxd5 29. Re2 h5 30. gxh5 Rxh5 31. Rd2 Re8 32. Rxd6 Re2 33. Bd4 Rg5 34. Bf2 Rf5 35. Bg3 Rc5 36. Rd8+ Kh7 37. Rxf7 Rcc2 38. Rf2 Re1+ 39. Kh2 Rcc1 40. Bf4 Rh1+ 41. Kg3 Rc3+ 42. Kg4 a3 43. Ra8 b4 44. Ra4 b3 45. Rxa3 b2 46. Rxc3 b1=Q 47. Rfc2 Qd1+ 48. Kg3 Qe1+ 49. Kg4 Qd1+ 50. Kh4 Qd8+ 51. Bg5 Qe8 52. Re3 Qg6 53. Rf2 Ra1 54. Rf4 Ra2 55. Rg3 Qc2 56. Rfg4 Ra4 57. Bf4 Ra7 58. Rxg7+ Rxg7 59. Rxg7+ Kxg7 60. g3 Qh7+ 61. Kg4 Kg6 62. Kf3 Qxh3 63. Ke4 Qg4 0-1


[Site "https://www.chess.com"]

[Event "Titled Tuesday Blitz August 16 Early 2022"]
[White "Derjabin, Ilja"]
[Black "Schmakel, Sam"]
[WhiteFideId "14104768"]
[BlackFideId "2039311"]
[WhiteElo "2341"]
[BlackElo "2356"]
[Result "0-1"]
[Round "01"]
[TimeControl "180+2"]
[Date "2022.08.18"]
[WhiteClock "0:00:00"]
[BlackClock "0:00:00"]

1. d4 Nf6 2. c4 e6 3. Nc3 Bb4 4. f3 c5 5. a3 Bxc3+ 6. bxc3 O-O 7. e4 d6 8. Bd3 Nc6 9. Ne2 h6 10. O-O b6 11. f4 Na5 12. e5 Ne8 13. Ng3 Ba6 14. Qg4 Bxc4 15. Bxc4 Nxc4 16. f5 cxd4 17. Bxh6 Nxe5 18. Qh5 gxh6 19. Qxh6 Qf6 20. Qh3 Qh8 21. Nh5 Qh6 22. cxd4 Nd7 23. Rf3 Kh8 24. Raf1 Ng7 25. Rf4 Nxh5 26. Rh4 Ndf6 27. fxe6 fxe6 28. Rxf6 Qc1+ 29. Kf2 Rxf6+ 30. Ke2 Qf1+ 31. Ke3 Qe1+ 32. Kd3 Qd1+ 33. Ke3 Rf5 34. Rxh5+ Qxh5 35. g4 Qxh3+ 36. Ke4 Qf3# 0-1


[Site "https://www.chess.com"]

[Event "Titled Tuesday Blitz August 16 Early 2022"]
[White "Diaz Perez, Michel Alejandro"]
[Black "Kohler, Aran"]
[WhiteFideId "3517179"]
[BlackFideId "1002856"]
[WhiteElo "2313"]
[BlackElo "2060"]
[Result "1-0"]
[Round "01"]
[TimeControl "180+2"]
[Date "2022.08.18"]
[WhiteClock "0:00:00"]
[BlackClock "0:00:00"]

1. d4 Nf6 2. Bf4 c5 3. e3 Qb6 4. Nc3 d6 5. a3 Nc6 6. Nf3 Bg4 7. dxc5 Qxc5 8. Be2 e5 9. Bg5 Be7 10. Bxf6 Bxf6 11. O-O Ne7 12. Ne4 Qc7 13. Qxd6 Qxc2 14. Nxf6+ gxf6 15. Qxf6 Rg8 16. Bb5+ Kf8 17. Nxe5 Be6 18. Rac1 Qe4 19. g3 Bd5 20. Nd7+ 1-0


[Site "https://www.chess.com"]

[Event "Titled Tuesday Blitz August 16 Early 2022"]
[White "Djokic, Mihailo"]
[Black "Leschinsky, Gary"]
[WhiteFideId "976440"]
[BlackFideId "30951321"]
[WhiteElo "2246"]
[BlackElo "1809"]
[Result "0-1"]
[Round "01"]
[TimeControl "180+2"]
[Date "2022.08.18"]
[WhiteClock "0:00:00"]
[BlackClock "0:00:00"]

1. e4 c5 2. Nf3 e6 3. d4 cxd4 4. Nxd4 Nc6 5. Nc3 Qc7 6. Be2 a6 7. O-O Nf6 8. Be3 Ne5 9. f4 Nc4 10. Bc1 Bb4 11. e5 Bxc3 12. exf6 Nxb2 13. fxg7 Rg8 14. Bxb2 Bxb2 15. Rb1 Qc3 16. Nf3 Qxg7 17. g3 b5 18. Ng5 Bb7 19. Bf3 Qd4+ 20. Kg2 Bxf3+ 21. Qxf3 Rc8 22. Qh5 Rxc2+ 23. Kh3 Rg7 24. Rbd1 Qf6 25. Ne4 Qg6 26. Nd6+ Ke7 27. Qh4+ Bf6 28. f5 Qg5 29. Qxg5 Rxg5 30. fxe6 fxe6 31. Ne4 Rg6 32. g4 d5 33. Nxf6 Rxf6 34. Rxf6 Kxf6 35. a3 Rc3+ 36. Kh4 Rxa3 37. Rf1+ Ke7 38. Re1 b4 39. Kg5 Ra2 40. h4 Rg2 41. Kh5 a5 42. g5 b3 43. Kh6 Rg4 44. h5 a4 45. Re3 b2 46. g6 hxg6 47. Rg3 Rxg3 48. hxg6 b1=Q 49. g7 Qh1# 0-1


[Site "https://www.chess.com"]

[Event "Titled Tuesday Blitz August 16 Early 2022"]
[White "Dounis, Alexandros"]
[Black "Sailer, Mike"]
[WhiteFideId "4213238"]
[BlackFideId "2012901"]
[WhiteElo "2204"]
[BlackElo "2109"]
[Result "1-0"]
[Round "01"]
[TimeControl "180+2"]
[Date "2022.08.18"]
[WhiteClock "0:00:00"]
[BlackClock "0:00:00"]

1. e4 d5 2. exd5 Qxd5 3. Nc3 Qd6 4. d4 Nf6 5. Nf3 c6 6. Ne5 Nbd7 7. Nc4 Qc7 8. g3 Nb6 9. Bf4 Qd8 10. Qd2 Bg4 11. Ne5 Bh5 12. Bg2 e6 13. O-O Be7 14. h3 Nbd5 15. g4 Nxf4 16. Qxf4 Bg6 17. Nxg6 hxg6 18. Rfe1 Bd6 19. Qf3 Qc7 20. a3 O-O-O 21. b4 Bh2+ 22. Kf1 Rxd4 23. b5 Rf4 24. Qe3 cxb5 25. Qxa7 Qxc3 26. Qa8+ Kd7 27. Rad1+ Nd5 28. Qxb7+ Kd6 29. Rxd5+ exd5 30. Qxd5+ Kc7 31. Re7+ Kb6 32. Rb7+ Ka6 33. Qxb5# 1-0


[Site "https://www.chess.com"]

[Event "Titled Tuesday Blitz August 16 Early 2022"]
[White "Fawzy, Adham"]
[Black "Mouhamad, Joachim"]
[WhiteFideId "10613129"]
[BlackFideId "656410"]
[WhiteElo "2541"]
[BlackElo "2147"]
[Result "1-0"]
[Round "01"]
[TimeControl "180+2"]
[Date "2022.08.18"]
[WhiteClock "0:00:00"]
[BlackClock "0:00:00"]

1. e4 c6 2. d4 d5 3. e5 c5 4. Nf3 Nc6 5. dxc5 e6 6. Be3 Nge7 7. c3 Nf5 8. Bd4 b6 9. cxb6 Nfxd4 10. Nxd4 Nxd4 11. Qxd4 axb6 12. Bb5+ Bd7 13. Bxd7+ Qxd7 14. Qxb6 Be7 15. O-O O-O 16. Qd4 Qb5 17. b3 Bc5 18. Qd1 f6 19. a4 Qc6 20. Qe2 fxe5 21. Qxe5 Rf5 22. Qg3 Raf8 23. Ra2 Bd6 24. Qd3 e5 25. c4 e4 26. cxd5 Bxh2+ 27. Kxh2 Qh6+ 28. Qh3 Rh5 29. Qxh5 Qxh5+ 30. Kg1 Rf6 31. Re1 Rh6 32. Kf1 Qxd5 33. Rd2 Rh1+ 34. Ke2 Rxe1+ 35. Kxe1 Qxb3 36. Rd8+ Kf7 37. Nd2 Qxa4 38. Rb8 Qa1+ 39. Rb1 Qd4 40. Rb3 h5 41. Re3 g5 42. Nxe4 Qa1+ 43. Ke2 g4 44. g3 Kg6 45. Nd2 Qh1 46. Rd3 h4 47. gxh4 Qxh4 48. Nf1 Qe7+ 49. Re3 Qb4 50. Ng3 Kg5 51. Kf1 Kh4 52. Re5 Qb1+ 53. Kg2 Qb7+ 54. Kh2 Qf7 55. Rf5 Qe8 56. Kg2 Qa8+ 57. Kg1 Qe8 58. Kh2 Qg6 59. Kg2 Qe8 60. Kf1 Qg6 61. Ke2 Qe8+ 62. Kf1 Qg6 63. Rd5 Qe8 64. Nf5+ Kg5 65. Ne3+ Kh4 66. Ng2+ Kh3 67. Nf4+ Kh4 68. Rf5 Qa8 69. Ng2+ Kh3 70. Rh5# 1-0


[Site "https://www.chess.com"]

[Event "Titled Tuesday Blitz August 16 Early 2022"]
[White "Fernandez Siles, Luis"]
[Black "Volkov, Maksim"]
[WhiteFideId "2209420"]
[BlackFideId "54123070"]
[WhiteElo "2211"]
[BlackElo "2155"]
[Result "0-1"]
[Round "01"]
[TimeControl "180+2"]
[Date "2022.08.18"]
[WhiteClock "0:00:00"]
[BlackClock "0:00:00"]

1. e4 c5 2. Nf3 d6 3. Bb5+ Nd7 4. O-O a6 5. Bd3 Ngf6 6. Re1 b5 7. c3 Bb7 8. Bc2 e6 9. d4 cxd4 10. cxd4 Rc8 11. Nbd2 Be7 12. Nf1 O-O 13. Ng3 Re8 14. e5 dxe5 15. dxe5 Nd5 16. Bd2 Nf8 17. Ne4 Ng6 18. Nfg5 Ndf4 19. Bxf4 Qxd1 20. Bxd1 Nxf4 21. Bf3 Nd3 22. Re2 Nxe5 23. Rd1 h6 24. Nh3 Nxf3+ 25. gxf3 Red8 26. Red2 Rxd2 27. Rxd2 Rd8 28. Rc2 f5 29. Rc7 fxe4 30. Rxb7 exf3 0-1


[Site "https://www.chess.com"]

[Event "Titled Tuesday Blitz August 16 Early 2022"]
[White "Fier, Alexandr"]
[Black "Reprintsev, Alexander"]
[WhiteFideId "2107139"]
[BlackFideId "14100541"]
[WhiteElo "2598"]
[BlackElo "2108"]
[Result "1-0"]
[Round "01"]
[TimeControl "180+2"]
[Date "2022.08.18"]
[WhiteClock "0:00:00"]
[BlackClock "0:00:00"]

1. d4 d5 2. c4 e5 3. dxe5 d4 4. Nf3 Nc6 5. a3 g6 6. e3 Bg4 7. Be2 Bxf3 8. Bxf3 Nge7 9. exd4 Qxd4 10. O-O Bg7 11. Qxd4 Nxd4 12. Bxb7 Ne2+ 13. Kh1 Rb8 14. Bf3 Nxc1 15. Rxc1 Bxe5 16. Re1 Bxb2 17. Ra2 c5 18. Bc6+ Kf8 19. Bb5 Bf6 20. Rd2 Kg7 21. Rd7 Nc8 22. g3 Rd8 23. Rc7 Nd6 24. Rxc5 Bd4 25. Rd5 Nxb5 26. Rxd8 Rxd8 27. cxb5 Bxf2 28. Rc1 Rd5 29. a4 Be3 30. Re1 Bb6 31. Nc3 Rd3 32. Rc1 Ba5 33. Ne4 Rd4 34. Nc5 Bb6 35. Kg2 Bxc5 36. Rxc5 Rxa4 37. Rc7 h5 38. h4 Kf6 39. Kf3 Ke6 40. Rb7 f6 41. Rg7 Kf5 42. Rc7 Ra3+ 43. Kg2 Ke4 44. Rc6 Ra2+ 45. Kh3 Kf5 46. Rc5+ Ke6 47. Rc6+ Ke5 48. Rc5+ Ke4 49. Rc6 g5 50. hxg5 fxg5 51. Rc5 g4+ 52. Kh4 Rh2+ 53. Kg5 Kf3 54. Rc3+ Kg2 55. Ra3 Rh3 56. Kf4 h4 57. Ra2+ Kf1 58. gxh4 Rxh4 59. Rxa7 Rh5 60. Rb7 Ke2 61. b6 Rb5 62. Rb8 Rb4+ 63. Kg3 Kf1 64. Rf8+ Kg1 65. Rf6 Rb3+ 66. Kxg4 Rb5 67. Kf4 Kf2 68. Ke4+ Ke2 69. Kd4 Rb1 70. Kc5 Ke3 71. Kc6 Ke4 72. Kb7 Ke5 73. Rc6 Kd5 74. Rc8 Kd6 75. Ka7 Kd7 76. Rc2 Ra1+ 77. Kb8 Kd8 78. b7 Ke7 79. Kc7 1-0


[Site "https://www.chess.com"]

[Event "Titled Tuesday Blitz August 16 Early 2022"]
[White "Fiorito, Joaquin"]
[Black "Gomez Ledo, Roberto Carlos"]
[WhiteFideId "180173"]
[BlackFideId "3507076"]
[WhiteElo "1758"]
[BlackElo "2379"]
[Result "1/2-1/2"]
[Round "01"]
[TimeControl "180+2"]
[Date "2022.08.18"]
[WhiteClock "0:00:00"]
[BlackClock "0:00:00"]

1. e4 e5 2. Nf3 Nc6 3. Bb5 a6 4. Ba4 Nf6 5. O-O Be7 6. d3 d6 7. c4 O-O 8. h3 Kh8 9. Be3 Nd7 10. Bc2 Bf6 11. Nc3 g6 12. d4 Bg7 13. d5 Ne7 14. b4 h6 15. Nd2 f5 16. Nb3 f4 17. Bc1 Nf6 18. c5 g5 19. f3 Rg8 20. Kf2 Ng6 21. Ke2 Nh4 22. Rg1 Nh5 23. Qe1 Ng3+ 24. Kd1 h5 25. Bd3 g4 26. hxg4 hxg4 27. Be2 Bh6 28. Kc2 Qg5 29. Bd2 Bd7 30. a4 Qg6 31. Kb2 Rg7 32. Qf2 Rag8 33. cxd6 cxd6 34. fxg4 Bxg4 35. Bf3 Qh5 36. Bxg4 Rxg4 37. Qb6 Qg6 38. Qxb7 Nxe4 39. Nxe4 Qxe4 40. Qxa6 Rxg2 41. Rxg2 Rxg2 42. Qxd6 Nf5 43. Qd8+ Kh7 44. Rc1 Bg7 45. d6 Qd5 46. d7 e4+ 47. Ka3 Rg3 48. Rh1+ Nh6 49. Rxh6+ Bxh6 50. Qe7+ Bg7 51. Qh4+ Kg6 52. Be3 Rxe3 53. Qg4+ Kh7 54. Qh4+ Bh6 55. Qe7+ Kg6 56. Qe8+ Kh7 57. Qe7+ Bg7 58. Qh4+ Kg6 59. Qg4+ Kh7 60. Qh4+ 1/2-1/2


[Site "https://www.chess.com"]

[Event "Titled Tuesday Blitz August 16 Early 2022"]
[White "Floresvillar Gonzalez, Luis Migu"]
[Black "Navarrete Mendez, Gonzalo Alberto"]
[WhiteFideId "5100542"]
[BlackFideId "5106850"]
[WhiteElo "2040"]
[BlackElo "2261"]
[Result "0-1"]
[Round "01"]
[TimeControl "180+2"]
[Date "2022.08.18"]
[WhiteClock "0:00:00"]
[BlackClock "0:00:00"]

1. d4 d5 2. c3 c5 3. Nf3 Nf6 4. Bf4 Nc6 5. e3 Qb6 6. Qc1 cxd4 7. exd4 Bf5 8. Be2 Rc8 9. O-O e6 10. Nbd2 Be7 11. Re1 O-O 12. Nb3 Nb4 13. Nh4 Bd3 14. Qd2 Bxe2 15. Qxe2 Ne4 16. f3 Bxh4 17. g3 Bf6 18. fxe4 Nxa2 19. Rxa2 Qxb3 20. Rxa7 Ra8 21. Rxa8 Rxa8 22. exd5 Qxd5 23. Bc1 h5 24. Qg2 Qb3 25. Qf3 Ra5 26. Kg2 Rf5 27. Qe2 b5 28. Rf1 Qd5+ 29. Kg1 b4 30. Rxf5 Qxf5 31. Qf1 Qc2 32. Qe1 h4 33. gxh4 Bxh4 34. Qxh4 Qxc1+ 35. Kg2 Qxb2+ 36. Kg1 Qc1+ 37. Kf2 Qd2+ 38. Kf1 Qd3+ 39. Kg2 bxc3 40. Qd8+ Kh7 41. Qh4+ Kg6 42. Qg4+ Kf6 43. Qf4+ Qf5 0-1


[Site "https://www.chess.com"]

[Event "Titled Tuesday Blitz August 16 Early 2022"]
[White "Gabdrakhmanov, Azat"]
[Black "Mika, Tomasz"]
[WhiteFideId "34189197"]
[BlackFideId "1132970"]
[WhiteElo "2293"]
[BlackElo "2126"]
[Result "1-0"]
[Round "01"]
[TimeControl "180+2"]
[Date "2022.08.18"]
[WhiteClock "0:00:00"]
[BlackClock "0:00:00"]

1. e4 c6 2. d4 d5 3. e5 Bf5 4. Nf3 e6 5. Be2 c5 6. O-O Nc6 7. Nc3 cxd4 8. Nb5 Bc5 9. Nbxd4 Nge7 10. Nxf5 Nxf5 11. Bd3 O-O 12. Bxf5 exf5 13. Bg5 Qd7 14. c3 h6 15. Bf4 Rfe8 16. h4 Rad8 17. Qd3 Bb6 18. Rad1 Bc7 19. Rfe1 Re6 20. Qxf5 Rxe5 21. Qxd7 Rxe1+ 22. Nxe1 Rxd7 23. Bxc7 Rxc7 24. Rxd5 Kf8 25. Kf1 Ke7 26. Nf3 Ke6 27. Rd2 f6 28. Ke2 h5 29. b3 Ne7 30. Nd4+ Kf7 31. c4 Rd7 32. Nb5 Rxd2+ 33. Kxd2 Nc6 34. Nd6+ Ke6 35. Nxb7 g5 36. hxg5 fxg5 37. Ke3 Kf5 38. Nd6+ Kg4 39. c5 Nb4 40. a3 Nd5+ 41. Kd2 h4 42. c6 Kf4 43. Nb5 g4 44. Ke2 h3 45. gxh3 gxh3 46. Kf1 Kf3 47. Kg1 a6 48. c7 Nb6 49. Nd6 h2+ 50. Kxh2 Kxf2 51. a4 a5 52. b4 axb4 53. a5 Nc8 54. Nxc8 b3 55. Nb6 b2 56. c8=Q b1=Q 57. Qc5+ Kf3 58. Qd5+ Kf4 59. Qc4+ Kf5 60. Qc5+ Ke6 61. Kg3 Qe1+ 62. Kf3 Qd1+ 63. Ke4 Qe2+ 64. Kd4 Qd2+ 65. Kc4 Qc2+ 66. Kb5 Qb3+ 67. Qb4 Qd1 68. Qc4+ Kf6 69. Qc6+ Kg7 70. Qd7+ Kh8 71. Qxd1 1-0


[Site "https://www.chess.com"]

[Event "Titled Tuesday Blitz August 16 Early 2022"]
[White "Golubev, Mikhail"]
[Black "Timofeev, Artyom"]
[WhiteFideId "14100983"]
[BlackFideId "4140419"]
[WhiteElo "2374"]
[BlackElo "2578"]
[Result "0-1"]
[Round "01"]
[TimeControl "180+1"]
[Date "2022.08.16"]
[WhiteClock "0:00:05"]
[BlackClock "0:01:05"]

1. e4 c6 2. Nf3 d5 3. Nc3 dxe4 4. Nxe4 Nf6 5. Qe2 Bf5 6. Nxf6+ gxf6 7. d4 e6 8. g3 Bg4 9. c3 h5 10. h3 Bxf3 11. Qxf3 Nd7 12. Bg2 h4 13. Be3 hxg3 14. fxg3 Bd6 15. O-O-O Qc7 16. g4 O-O-O 17. Kb1 Rdg8 18. c4 Kb8 19. d5 Ne5 20. Qe2 exd5 21. cxd5 c5 22. Rhf1 Re8 23. Rxf6 Qe7 24. Bg5 Qc7 25. Qf2 c4 26. Be3 a6 27. Bb6 Qd7 28. Bc5 Bxc5 29. Qxc5 Rc8 30. Qd6+ Qxd6 31. Rxd6 c3 32. bxc3 Rxc3 33. Rf6 Rd8 34. Rf5 Nc4 35. Rxf7 Ne3 36. Rg1 Rd6 37. Kb2 Rc4 38. Bf3 Rb6+ 0-1


[Site "https://www.chess.com"]

[Event "Titled Tuesday Blitz August 16 Early 2022"]
[White "Grandelius, Nils"]
[Black "Ponce Cano, Adrian"]
[WhiteFideId "1710400"]
[BlackFideId "22296913"]
[WhiteElo "2617"]
[BlackElo "2261"]
[Result "1-0"]
[Round "01"]
[TimeControl "180+1"]
[Date "2022.08.16"]
[WhiteClock "0:00:21"]
[BlackClock "0:00:04"]

1. Nf3 d5 2. e3 Nf6 3. c4 e6 4. Nc3 Nbd7 5. b3 c6 6. Bb2 Bd6 7. Qc2 O-O 8. h3 e5 9. cxd5 cxd5 10. Nb5 Bb8 11. Rc1 a6 12. Nc7 Ra7 13. Nxe5 Nxe5 14. Bxe5 b6 15. Nb5 axb5 16. Bxb8 Ra8 17. Be5 Be6 18. Bxb5 Ne4 19. O-O Bxh3 20. Bf4 Bf5 21. Qb2 Qh4 22. b4 g5 23. Bh2 Be6 24. d3 Nxf2 25. Rxf2 g4 26. Qe5 g3 27. Bxg3 Qg4 28. a4 Rac8 29. Rcf1 Qg6 30. Rf6 Qg4 31. Qf4 Qxf4 32. Bxf4 Rc2 33. Rf2 Rfc8 34. Rxc2 Rxc2 35. Be5 Rc1+ 36. Kh2 Kf8 37. Bd4 Rb1 38. Bxb6 Kg7 39. Bd4 Kf8 40. Bc5+ Kg8 41. Rf2 Rb3 42. a5 Ra3 43. a6 Ra1 44. a7 Kg7 45. Bc6 1-0


[Site "https://www.chess.com"]

[Event "Titled Tuesday Blitz August 16 Early 2022"]
[White "Grot, Blazej"]
[Black "Yaksin, Oleg"]
[WhiteFideId "21835845"]
[BlackFideId "24105880"]
[WhiteElo "1614"]
[BlackElo "2256"]
[Result "0-1"]
[Round "01"]
[TimeControl "180+2"]
[Date "2022.08.18"]
[WhiteClock "0:00:00"]
[BlackClock "0:00:00"]

1. e4 e6 2. d3 d5 3. Nd2 Nc6 4. Ngf3 Nf6 5. g3 Bd6 6. Bg2 O-O 7. O-O Re8 8. Re1 e5 9. c3 Bf8 10. Qc2 h6 11. Nf1 Bg4 12. h3 Bxf3 13. Bxf3 a5 14. a4 d4 15. Bg2 Qd7 16. Nh2 dxc3 17. bxc3 Rad8 18. Rd1 Bc5 19. Bb2 Qe7 20. Nf3 Rd7 21. Nh4 g6 22. Rd2 Red8 23. Rad1 Nh5 24. Kh2 Kh7 25. Nf3 Bb6 26. d4 exd4 27. cxd4 Nb4 28. Qb1 c6 29. Ne5 Qxe5 30. dxe5 Rxd2 31. Rxd2 Rxd2 32. f4 Bf2 33. g4 Bg3+ 34. Kh1 Nxf4 35. Qf1 Nbd3 36. e6 fxe6 37. Bd4 Rxg2 38. Qg1 0-1


[Site "https://www.chess.com"]